 Dungeon Crawl Stone Soup version 0.22.1-1-ga44c0e56f4 (webtiles) character file.

161 DenSaoPin the Cudgeler (level 5, -3/41 HPs)
             Began as a Demonspawn Abyssal Knight on Oct 23, 2018.
             Was a Believer of Lugonu.
             Slain by Grinder (6 damage)
             ... while paralysed by Grinder
             ... on level 4 of the Dungeon.
             The game lasted 00:04:43 (2108 turns).

DenSaoPin the Cudgeler (Demonspawn Abyssal Knight)  Turns: 2108, Time: 00:04:43

Health: -3/41      AC:  7    Str: 13    XL:     5   Next: 19%
Magic:  6/6        EV:  2    Int: 13    God:    Lugonu [**....]
Gold:   155        SH:  0    Dex: 18    Spells: 4/4 levels left

rFire    . . .     SeeInvis .   d - +0 flail (venom)
rCold    . . .     Gourm    .   (no shield)
rNeg     . . .     Faith    .   g - +0 ring mail
rPois    .         Spirit   .   (helmet restricted)
rElec    .         Reflect  .   (no cloak)
rCorr    .         Harm     .   (no gloves)
MR       .....                  (no boots)
Stlth    ++........             (no amulet)
HPRegen  0.13/turn              (no ring)
MPRegen  0.10/turn              (no ring)

@: paralysed, agile
A: antennae 1, icy blue scales 1, powered by pain 1
a: Depart the Abyss, Bend Space, Renounce Religion


You were on level 4 of the Dungeon.
You worshipped Lugonu.
Lugonu was pleased with you.
You were not hungry.

You visited 1 branch of the dungeon, and saw 4 of its levels.
You visited the Abyss 1 time.

You collected 155 gold pieces.

Inventory:

Hand Weapons
 a - a +1 mace
 d - a +0 flail of venom (weapon)
 m - a +0 trident of flaming
 p - a +0 dagger
Armour
 b - a +0 leather armour
 f - a +0 helmet
 g - a +0 ring mail (worn)
Jewellery
 k - a cursed -3 ring of strength {unknown}
 l - an uncursed ring of positive energy {unknown}
 q - an uncursed ring of stealth {unknown}
Scrolls
 h - 2 scrolls of remove curse {unknown}
 i - a scroll of random uselessness {unknown}
 o - a scroll of fog {unknown}
 r - a scroll of blinking {unknown}
 v - a scroll of identify {unknown}
Potions
 e - a potion of curing {unknown}
 j - a potion of flight {unknown}
 n - a potion of haste
 s - a potion of experience {unknown}
 t - a potion of brilliance {unknown}
Comestibles
 c - 7 rations


   Skills:
 - Level 3.0 Fighting
 + Level 5.0 Maces & Flails
 - Level 1.7 Armour
 - Level 0.8 Dodging
 - Level 2.4 Invocations


You had 4 spell levels left.
You didn't know any spells.
Your spell library was empty.

Dungeon Overview and Level Annotations

Branches:
Dungeon (4/15)
 Temple: D:4-7

Altars:
Kikubaaqudgha
Ru
Xom

Annotations:
D:3 Terence
D:4 Grinder


Innate Abilities, Weirdness & Mutations

You have a pair of small antennae on your head.
You are partially covered in icy blue scales. (AC +2)
You sometimes gain a little power by taking damage.


Message History

Grinder hits you!
You writhe in agony.
You hit Grinder.
Grinder is poisoned.
Grinder is moderately wounded.
Grinder blinks!
Grinder gestures at you. You resist with significant effort.
There is a stone staircase leading up here.
You closely miss Grinder.
Grinder is moderately wounded.
Grinder gestures at you.
You suddenly lose the ability to move!
Grinder gestures at you. Pain shoots through your body!
* * * LOW HITPOINT WARNING * * *
Grinder hits you.
* * * LOW HITPOINT WARNING * * *
You writhe in agony.
* * * LOW HITPOINT WARNING * * *
Grinder hits you.
You die... # { #.########## #.5@..%...>. #.####.##### # #

You could see Grinder.

Vanquished Creatures
  2 hounds (D:2)
  A gnoll (D:1)
  4 adders
  2 worms (D:2)
  A dart slug (D:1)
  2 leopard geckos
  2 bats (D:1)
  3 giant cockroaches
  7 goblins
  2 hobgoblins
  4 jackals (D:3)
  8 kobolds
  2 quokkas (D:2)
  5 frilled lizards (D:2)
  5 rats
50 creatures vanquished.

Notes
Turn   | Place    | Note
-------+----------+-------------------------------------------
     0 | Abyss:1  | DenSaoPin the Demonspawn Abyssal Knight began the quest for
                  | the Orb.
     0 | Abyss:1  | Reached XP level 1. HP: 18/18 MP: 2/2
     9 | D:1      | Escaped the Abyss
    41 | D:1      | Reached skill level 2 in Maces & Flails
    41 | D:1      | Gained mutation: You are partially covered in icy blue
                  | scales. (AC +2) [demonic ancestry]
    41 | D:1      | Reached XP level 2. HP: 17/24 MP: 3/3
   674 | D:1      | Reached skill level 3 in Maces & Flails
   749 | D:1      | Reached XP level 3. HP: 27/29 MP: 4/4
  1290 | D:2      | Reached ** piety under Lugonu
  1477 | D:2      | Reached skill level 4 in Maces & Flails
  1477 | D:2      | Gained mutation: You sometimes gain a little power by
                  | taking damage. [demonic ancestry]
  1477 | D:2      | Reached XP level 4. HP: 31/35 MP: 5/5
  1618 | D:2      | Found an ancient bone altar of Kikubaaqudgha.
  1618 | D:2      | Found a sacrificial altar of Ru.
  1715 | D:2      | Gained mutation: You have a pair of small antennae on your
                  | head. [demonic ancestry]
  1715 | D:2      | Reached XP level 5. HP: 39/41 MP: 6/6
  1718 | D:2      | Found a shimmering altar of Xom.
  1959 | D:3      | Reached skill level 5 in Maces & Flails
  2087 | D:3      | Noticed Grinder
  2088 | D:3      | Paralysed by Grinder for 6 turns
  2094 | D:3      | Noticed Terence
  2106 | D:4      | Paralysed by Grinder for 3 turns
  2108 | D:4      | Slain by Grinder

Skill      XL: |  1  2  3  4  5 |
---------------+----------------+-----
Maces & Flails | 2 3 4 5 |  5.0
Fighting       | |  3.0
Armour         | |  1.7
Dodging        | |  0.8
Invocations    | |  2.4

Action                   |  1- 3 |  4- 6 || total
-------------------------+-------+-------++-------
Melee: Mace              |     4 |       ||     4
       Flail             |    98 |    60 ||   158
  Eat: Chunk             |     2 |     2 ||     4
Armor: Ring mail         |    31 |    30 ||    61
       Leather armour    |     6 |       ||     6
Dodge: Dodged            |    52 |    39 ||    91
